 Dungeon Crawl Stone Soup version 0.18-a0-900-gbbf5c82 (webtiles) character file.

395 George the Cudgeler (level 6, 0/37 HPs)
             Began as a Gargoyle Fighter on Dec 24, 2015.
             Slain by a killer bee (5 damage)
             ... on level 4 of the Dungeon.
             The game lasted 00:05:17 (2345 turns).

George the Cudgeler (Gargoyle Fighter)              Turns: 2345, Time: 00:05:18

Health: 0/37       AC: 13    Str: 22    XL:     6   Next: 82%
Magic:  6/6        EV:  5    Int:  9    God:
Gold:   182        SH:  9    Dex: 11    Spells: 0 memorised, 5 levels left

rFire  . . .     SeeInvis .     a - +0 flail
rCold  . . .     Gourm    .     F - +0 chain mail
rNeg   + . .     Faith    .     c - +0 shield
rPois  ∞         Spirit   .     (no helmet)
rElec  +         Dismiss  .     (no cloak)
rCorr  .         Reflect  .     (no gloves)
SustAt .         Harm     .     (no boots)
MR     .....                    (no amulet)
Stlth  ..........               (no ring)
                                h - +3 ring of strength

@: not resistant to hostile enchantments, extremely unstealthy
A: negative energy resistance 1, electricity resistance, unbreathing,
petrification resistance, rot immunity, AC +4
a: no special abilities


You were on level 4 of the Dungeon.
You were not hungry.

You visited 1 branch of the dungeon, and saw 4 of its levels.

You collected 182 gold pieces.

Inventory:

Hand Weapons
 a - a +0 flail (weapon)
Armour
 c - a +0 shield (worn)
 F - a +0 chain mail (worn)
Jewellery
 h - a +3 ring of strength (left hand)
Wands
 p - a wand of enslavement (0/24)
Scrolls
 j - a scroll of enchant armour {unknown}
 k - 3 scrolls of remove curse {unknown}
 l - a scroll of noise {unknown}
 o - a scroll of fear {unknown}
 q - a scroll of amnesia {unknown}
 t - 2 scrolls of identify {unknown}
 u - 2 scrolls of recharging {unknown}
 x - 2 scrolls of teleportation {unknown}
Potions
 d - 2 potions of might
 g - 2 potions of lignification {unknown}
 i - a potion of magic {unknown}
 m - 2 potions of ambrosia {unknown}
 n - 3 potions of heal wounds {unknown}
 r - 2 potions of cancellation {unknown}
 s - 2 potions of agility {unknown}
 v - a potion of curing {unknown}
 B - a potion of brilliance {unknown}
Comestibles
 f - 3 bread rations
 w - a beef jerky
 z - 2 meat rations
 D - a royal jelly
 G - 4 fruits
 H - 4 chunks of flesh


   Skills:
 - Level 3.2 Fighting
 + Level 7.1 Maces & Flails
 - Level 3.2 Armour
 - Level 3.2 Shields


You had 5 spell levels left.
You didn't know any spells.

Dungeon Overview and Level Annotations

Branches:
Dungeon (4/15)
 Temple: D:4-7

Altars:
Ashenzari
Ru
Trog


Innate Abilities, Weirdness & Mutations

You are resistant to torment.
Your stone body is resilient (AC +4).
You are immune to poison.
You resist negative energy.
You are resistant to electric shocks.
You can survive without breathing.
You are immune to petrification.
You are immune to rotting.


Message History

A killer bee is nearby!
Evoke which item? (* to show all) (? for menu, Esc to quit)
Zapping:
p - a wand of enslavement {zapped: 6} (will waste charges)
Press: ? - help, Shift-Dir - straight line, f - killer bee
Aim: a killer bee (heavily wounded, chance to defeat MR: 54%)
The killer bee is charmed.
Evoking this partially-identified wand wasted a few charges.
You swap places.
Things that are here:
a killer bee corpse; a jackal corpse
Things that are here:
an uncursed shortbow; 12 poisoned arrows You see here a poisoned arrow.
There is an open door here.
You see here a poisoned arrow.
You see here a dagger of venom.
The killer bee is no longer charmed.
The killer bee stings you.
* * * LOW HITPOINT WARNING * * *
The killer bee stings you.
You die...

####.........
.............
###.........
#.........
#########..)......
#.................
#.################
#y# #........
#@########.######.
#.#..........# #.
#.#.######(#.####.
#.#.####.#.#......
#.#.....<#.######.
#.########.# #.
#.......(..# ##
############


You could see a killer bee.

Vanquished Creatures
  A centaur (D:4)
  2 killer bees (D:4)
  An orc wizard (D:3)
  Natasha (D:2)
  Ijyb (D:3)
  2 adders (D:2)
  2 worms
  A giant gecko (D:1)
  6 orcs
  4 giant cockroaches
  5 goblins
  8 hobgoblins
  A jackal (D:4)
  12 kobolds
  A quokka (D:2)
  3 ball pythons
  12 bats
  4 giant newts
  6 rats
73 creatures vanquished.

Vanquished Creatures (others)
  2 killer bees (D:4)
2 creatures vanquished.

Grand Total: 75 creatures vanquished

Notes
Turn   | Place    | Note
--------------------------------------------------------------
     0 | D:1      | George the Gargoyle Fighter began the quest for the Orb.
     0 | D:1      | Reached XP level 1. HP: 14/14 MP: 1/1
   175 | D:1      | Reached XP level 2. HP: 19/19 MP: 2/2
   694 | D:2      | Reached XP level 3. HP: 23/23 MP: 3/3
   815 | D:2      | Reached skill level 4 in Maces & Flails
  1008 | D:2      | Reached XP level 4. HP: 28/28 MP: 4/4
  1026 | D:2      | Noticed Natasha
  1041 | D:2      | Killed Natasha
  1344 | D:3      | Found a sacrificial altar of Ru.
  1361 | D:3      | Reached skill level 5 in Maces & Flails
  1361 | D:3      | Reached XP level 5. HP: 32/32 MP: 5/5
  1985 | D:3      | Noticed Ijyb
  2002 | D:3      | Killed Ijyb
  2161 | D:4      | Found a shattered altar of Ashenzari.
  2241 | D:4      | Noticed a centaur
  2251 | D:4      | Killed a centaur
  2251 | D:4      | Reached skill level 6 in Maces & Flails
  2251 | D:4      | Reached XP level 6. HP: 37/37 MP: 6/6
  2289 | D:4      | Found a bloodstained altar of Trog.
  2301 | D:4      | Reached skill level 7 in Maces & Flails
  2345 | D:4      | Slain by a killer bee

Vault maps used:
D:1:      minmay_arrival_statue_studded, hangedman_feature_mirror,
          hangedman_decor_push, minmay_misc_feat_roman
D:2:      uniq_natasha
D:3:      nicolae_ru_great_annihilating_truth, uniq_iyjb
D:4:      nicolae_overflow_hidden_temple, kennysheep_mini, marbit_many_paths,
          first_bread

Action                   |  1- 3 |  4- 6 || total
-------------------------+-------+-------++-------
Melee: Flail             |   104 |   183 ||   287
Evoke: Wand              |       |     3 ||     3
  Eat: Chunk             |       |     5 ||     5
